 Dungeon Crawl Stone Soup version 0.14-a0-3315-g09e681a (webtiles) character file.

4955 4tharraofdagon the Cleaver (level 10, 0/100 HPs)
             Began as a Troll Berserker on Mar 15, 2014.
             Was an Elder of Trog.
             Slain by a sixfirhy (10 damage)
             ... summoned by a silver statue
             ... on Level 12 of the Dungeon.
             The game lasted 00:23:34 (4101 turns).

4tharraofdagon the Cleaver (Troll Berserker)        Turns: 4101, Time: 00:23:34

HP   0/100       AC  6     Str 30      XL: 10   Next: 22%
MP   1/19        EV 10     Int -2 (3)  God: Trog [****..]
Gold 242         SH  0     Dex  9      Spells:  0 memorised,  9 levels left

rFire  . . .     SeeInvis .     I - +0 hand axe
rCold  . . .     Clarity  .     b - +0 animal skin
rNeg   . . .     Conserve .     (shield restricted)
rPois  .         rCorr    .     (helmet restricted)
rElec  .         rRot     .     H - +0 cloak
SustAb + .       Spirit   .     (gloves unavailable)
rMut   .         Warding  .     (boots unavailable)
Gourm  +         Stasis   .     m - amulet of faith
MR     .....                    i - ring of magical power
                                F - ring of sustain abilities

@: lost intelligence, confused, very slow, not resistant to hostile
enchantments, extremely unstealthy
A: unfitting armour, claws 3, fast metabolism 3, gourmand, regeneration 2,
saprovore 2, shaggy fur 1, tough skin 2
a: Burn Spellbooks, Berserk, Trog's Hand, Brothers in Arms, Renounce Religion


You were on level 12 of the Dungeon.
You worshipped Trog.
Trog was greatly pleased with you.
You were not hungry.

You visited 1 branch of the dungeon, and saw 12 of its levels.
You also visited: Sewer.

You collected 357 gold pieces.
You spent 115 gold pieces at shops.

Inventory:

Hand weapons
 a - a +0,-2 hand axe
 y - a +0,+0 giant club
 E - a +0,+2 mace of distortion
 I - a +0,+0 hand axe (weapon)
Missiles
 A - a throwing net (quivered)
Armour
 b - a +0 animal skin (worn)
 H - a +0 cloak (worn)
Magical devices
 r - a wand of teleportation (4)
 t - a wand of digging (7)
 z - a wand of digging (11)
 B - a wand of fireball (2)
 J - a wand of cold (3)
Comestibles
 c - 4 meat rations
 h - 2 bread rations
Scrolls
 e - 3 scrolls of remove curse {unknown}
 g - 2 scrolls of magic mapping
 j - a scroll of enchant armour
 k - 4 scrolls of blinking {unknown}
 o - a scroll of silence
 p - a scroll of random uselessness
 s - 4 scrolls of enchant weapon II {unknown}
 u - 2 scrolls of fog
 w - 2 scrolls of noise
 D - 2 scrolls of identify
 G - a scroll of fear
Jewellery
 i - a ring of magical power (right claw)
 m - an amulet of faith (around neck)
 q - an uncursed amulet of warding {unknown}
 F - a ring of sustain abilities (left claw)
Potions
 n - a potion of cure mutation
 v - 3 potions of curing
 C - 2 potions of agility
Books
 d - a book of Battle

   Spells                             Type                      Level
   Infusion                           Charms                       1
   Shroud of Golubria                 Charms/Translocation         2
   Song of Slaying                    Charms                       2
   Spectral Weapon                    Hexes/Charms                 3
   Regeneration                       Charms/Necromancy            3
   Trog disapproves of the use of such an item.
 f - a book of Annihilations {highlevel, unknown}

   This book is beyond your current level of understanding.

   Spells                             Type                      Level
   Poison Arrow                       Conjuration/Poison           6
   Chain Lightning                    Conjuration/Air              8
   Lehudib's Crystal Spear            Conjuration/Earth            8
   Glaciate                           Conjuration/Ice              9
   Fire Storm                         Conjuration/Fire             9
   Trog disapproves of the use of such an item.
 l - a Young Poisoner's Handbook

   Spells                             Type                      Level
   Sting                              Conjuration/Poison           1
   Cure Poison                        Poison                       2
   Mephitic Cloud                     Conjuration/Poison/Air       3
   Olgreb's Toxic Radiance            Poison                       4
   Venom Bolt                         Conjuration/Poison           5
   Trog disapproves of the use of such an item.
 x - a book of Minor Magic

   Spells                             Type                      Level
   Magic Dart                         Conjuration                  1
   Blink                              Translocation                2
   Call Imp                           Summoning                    2
   Repel Missiles                     Charms/Air                   2
   Slow                               Hexes                        2
   Conjure Flame                      Conjuration/Fire             3
   Mephitic Cloud                     Conjuration/Poison/Air       3
   Trog disapproves of the use of such an item.


   Skills:
 + Level 6.4 Fighting
 * Level 9.0 Axes
 + Level 5.4 Armour
 - Level 2.6 Dodging
 + Level 4.1 Evocations


You had 9 spell levels left.
You didn't know any spells.

Dungeon Overview and Level Annotations

Branches:
Dungeon (12/15)            Temple (0/1) D:4
    Orc: D:9-12        Lair: D:8-11

Altars:
Okawaru

Shops:
D:5 =   D:6 *   D:9 (

Annotations:
D:10 4tharraofdagon's ghost, experienced TrBe
D:12 exclusions: orange crystal statue and silver statue, Nergalle


Innate Abilities, Weirdness & Mutations

You are too large for most types of armour.
You have claws for hands.
Your metabolism is lightning-fast.
You like to eat raw meat.
You heal very quickly.
You can eat rotten meat.
You are covered in fur (AC +1).
You have very tough skin (AC +2).


Message History

A hostile presence attacks your mind!
Your brain hurts!
The ufetubus hits you but does no damage.
The ufetubus closely misses you. The sixfirhy hits you.
* * * LOW HITPOINT WARNING * * *
The sixfirhy shocks you!
* * * LOW HITPOINT WARNING * * *
The silver statue's eyes glow mottled green.
Your grizzly bear bites the orange crystal statue but does no damage.
Your grizzly bear claws the orange crystal statue.
Your grizzly bear claws the orange crystal statue but does no damage.
Unknown command.
Unknown command.
Unknown command.
You closely miss the ufetubus. The sixfirhy hits you.
* * * LOW HITPOINT WARNING * * *
The sixfirhy shocks you!
* * * LOW HITPOINT WARNING * * *
The sixfirhy hits you!
You die...

#......# . #..........
#......# ...#..........
###....# 8..#..........
#####....# .U..#..........
#........# ....#..........
#........##...##..........
#........#....$#..........
######..5.4...?# .>.......
#.....#.@558.:# .....#..
#.....#.....?)# .......
#.....#.#....?# ........
.......##...## ........
......# ....# ........
.....# ....# .........
.....# .8.. .........
(..## .. ......... .
.........


You could see an orange crystal statue, a silver statue, a sixfirhy, 3 ufetubi
and a friendly grizzly bear (berserk).

Vanquished Creatures
  A hill giant (D:11)
  Maurice (D:12)
  A kobold demonologist (D:12)
  2 wyverns
  A yak (D:10)
  A wraith (D:10)
  A neqoxec (D:12)
  Edmund (D:4)
  An ice beast (D:12)
  4 black bears (D:10)
  2 ogres (D:7)
  A phantom (D:8)
  The ghost of Aelig the Charmwright, an average DsSk (D:3)
  2 centaurs
  A big kobold (D:12)
  4 giant frogs
  An eye of draining (D:12)
  A killer bee (D:10)
  A scorpion (D:6)
  4 wights (D:8)
  A giant frog zombie (D:8)
  2 hounds
  A crimson imp (D:10)
  A centaur skeleton (D:9)
  A gnoll shaman (D:10)
  5 orc priests
  4 jellies
  5 worker ants
  7 sheep (D:10)
  4 orc wizards
  Ijyb (D:3)
  12 adders
  An orc skeleton (D:12)
  16 giant mites
  A shadow imp (D:12)
  3 worms
  An ufetubus (D:12)
  An iguana skeleton (D:6)
  11 orcs
  4 bats
  A bat skeleton (D:4)
  8 giant cockroaches
  7 goblins
  7 hobgoblins
  14 ball pythons
  13 giant geckos
  16 giant newts
  A hobgoblin skeleton (D:8)
  10 kobolds
  3 rats
  A rat skeleton (D:6)
195 creatures vanquished.

Vanquished Creatures (collateral kills)
  A kobold demonologist (D:12)
  A deep elf mage (D:10)
  A sky beast (D:8)
  A wight (D:8)
  A crimson imp (D:12)
  A quasit (D:12)
  A white imp (D:12)
  An ufetubus (D:12)
  A kobold (D:12)
9 creatures vanquished.

Vanquished Creatures (others)
  An ogre (D:10)
  2 plants (D:10)
3 creatures vanquished.

Grand Total: 207 creatures vanquished

Notes
Turn   | Place    | Note
--------------------------------------------------------------
     0 | D:1      | 4tharraofdagon, the Troll Berserker, began the quest for the Orb.
     0 | D:1      | Reached XP level 1. HP: 22/22 MP: 1/1
   135 | D:2      | Reached XP level 2. HP: 17/29 MP: 1/1
   239 | D:2      | Reached skill level 3 in Axes
   281 | D:3      | Noticed Aelig's ghost (average DsSk)
   335 | D:3      | Reached XP level 3. HP: 36/36 MP: 2/2
   340 | D:3      | Killed Aelig's ghost
   340 | D:3      | Reached skill level 1 in Armour
   340 | D:3      | Reached XP level 4. HP: 45/45 MP: 2/2
   424 | D:3      | Noticed Ijyb
   447 | D:3      | Killed Ijyb
   625 | D:3      | Found an iron altar of Okawaru.
   630 | D:3      | Reached XP level 5. HP: 53/53 MP: 2/2
   637 | D:3      | Acquired Trog's second power
   687 | D:4      | Reached skill level 4 in Axes
   794 | D:4      | Found a glowing drain.
   832 | D:4      | Noticed Edmund
   852 | D:4      | Killed Edmund
   852 | D:4      | Reached XP level 6. HP: 61/61 MP: 3/3
   872 | Sewer    | Entered a sewer
  1134 | Sewer    | Reached skill level 5 in Axes
  1191 | Sewer    | Reached XP level 7. HP: 68/68 MP: 3/3
  1339 | Sewer    | Acquired Trog's third power
  1489 | D:5      | Entered Level 5 of the Dungeon
  1624 | D:5      | Found Iqovet's Jewellery Boutique.
  1686 | D:4      | Found a staircase to the Ecumenical Temple.
  1933 | D:6      | Reached skill level 6 in Axes
  1995 | D:6      | Found Thriff's Assorted Antiques.
  2016 | D:6      | Bought a scroll labeled RUBOULEULI for 23 gold pieces
  2016 | D:6      | Bought a scroll labeled TIOSOE BITZ for 23 gold pieces
  2016 | D:6      | Bought a scroll labeled ISTOOZE CETOCW for 23 gold pieces
  2016 | D:6      | Bought a scroll of identify for 46 gold pieces
  2042 | D:7      | Reached XP level 8. HP: 75/79 MP: 3/4
  2109 | D:7      | Reached skill level 1 in Evocations
  2362 | D:8      | Reached skill level 5 in Fighting
  2362 | D:8      | Reached skill level 7 in Axes
  2838 | D:9      | Reached XP level 9. HP: 69/88 MP: 7/7
  2927 | D:10     | Entered Level 10 of the Dungeon
  2935 | D:9      | Found Sivamy's Antique Weapon Shoppe.
  3320 | D:10     | Noticed 4tharraofdagon's ghost (experienced TrBe)
  3344 | D:10     | Reached skill level 8 in Axes
  3398 | D:10     | this weapon sucks
  3711 | D:10     | Reached skill level 5 in Armour
  3764 | D:11     | Noticed a hill giant
  3782 | D:11     | Killed a hill giant
  3862 | D:12     | Noticed Nergalle
  3887 | D:12     | Noticed a kobold demonologist
  3888 | D:12     | Noticed a kobold demonologist
  3890 | D:12     | Noticed Maurice
  3891 | D:12     | Noticed a soul eater
  3896 | D:12     | Reached XP level 10. HP: 49/98 MP: 10/10
  3900 | D:12     | Killed a kobold demonologist
  3904 | D:12     | Killed a kobold demonologist
  3911 | D:12     | Killed Maurice
  4014 | D:12     | Reached skill level 9 in Axes
  4090 | D:12     | Lost intelligence.
  4100 | D:12     | Noticed a sixfirhy
  4101 | D:12     | Slain by a sixfirhy

Action                   |  1- 3 |  4- 6 |  7- 9 | 10-12 || total
-------------------------+-------+-------+-------+-------++-------
Melee: Hand axe          |    44 |   257 |   500 |    44 ||   845
       Giant club        |       |       |     8 |       ||     8
Invok: Berserk           |     1 |     4 |    24 |     1 ||    30
       Trog's Hand       |       |     1 |    11 |       ||    12
       Brothers in Arms  |       |       |     5 |     1 ||     6
Evoke: Wand              |       |       |     4 |     1 ||     5
  Use: Potion            |     1 |     3 |     3 |     1 ||     8
       Scroll            |       |       |    11 |       ||    11
 Stab: Fleeing           |       |       |     2 |       ||     2
